AoeStats
← Marashlikof

Arena

507525050Analyzed
4v4 RM · 14d ago on Sep 18, 2026· 29m 59s· 8 players
Game mode
Random Map
Map size
Large (8 player)
Population
200
Speed
Normal
Resources
Standard
Victory
Conquest
Starting age
Dark Age
Ending age
Imperial Age
RankedLock teamsTeams togetherTeam positionsShared explorationLock speedFull tech treeHidden civsTurbo modeCheats
Victory
Defeat
🇨🇦 Khmer · Canada
1637
+12
🇨🇿 Celts · Czechia
1607
+13
🇮🇳 Teutons · India
1604
+13
🇮🇳 Cumans · India
1600
+13
🇨🇳 Huns · China
1589
-15
🇲🇽 Bengalis · Mexico
1535
-13
🇦🇷 Britons · Argentina
1525
-12
🇹🇷 Cumans · Türkiye
1494
-11
Turbox
10:37 Feudal Age
11:35 Loom
14:40 Castle Age
13:00 Double-Bit Axe
13:45 Horse Collar
14:25 Gold Mining
16:29 Bow Saw
19:05 Fletching
25:53 Heavy Plow
30:28 Wheelbarrow
29:38 Town Watch
30:40 Fortified Wall
AnTeK
10:50 Feudal Age
13:31 Castle Age
11:46 Double-Bit Axe
12:18 Horse Collar
14:38 Husbandry
15:54 Bow Saw
16:06 Light Cavalry
18:46 Bloodlines
20:39 Scale Barding Armor
23:06 Forging
23:18 Heavy Plow
25:01 Chain Barding Armor
27:14 Wheelbarrow
27:34 Iron Casting
29:33 Loom
HAASHIRAMA
9:00 Feudal Age
10:02 Double-Bit Axe
11:01 Horse Collar
16:34 Wheelbarrow
18:24 Gold Mining
21:11 Castle Age
20:03 Scale Barding Armor
20:09 Forging
20:11 Bloodlines
22:17 Hand Cart
22:19 Bow Saw
22:33 Chain Barding Armor
24:18 Iron Casting
25:33 Gold Shaft Mining
26:05 Heavy Plow
wackadoodle
6:44 Loom
8:49 Feudal Age
9:39 Double-Bit Axe
12:55 Wheelbarrow
16:01 Horse Collar
25:12 Castle Age
23:29 Fletching
25:59 Bodkin Arrow
26:16 Bow Saw
26:54 Guard Tower
Marashlikof
9:13 Feudal Age
9:21 Loom
9:17 Man-at-Arms
21:02 Fletching
22:04 Double-Bit Axe
22:43 Horse Collar
Bz_青红
9:35 Feudal Age
13:54 Castle Age
12:27 Double-Bit Axe
12:39 Horse Collar
22:00 Loom
22:52 Wheelbarrow
22:47 Bow Saw
23:13 Heavy Plow
24:58 Hand Cart
29:23 Imperial Age
27:27 Scale Barding Armor
28:33 Chain Barding Armor
Yun
10:00 Feudal Age
13:50 Castle Age
12:17 Double-Bit Axe
12:18 Horse Collar
22:00 Wheelbarrow
21:59 Forging
22:28 Loom
23:39 Fletching
24:45 Scale Barding Armor
24:40 Bodkin Arrow
25:58 Gold Mining
26:52 Iron Casting
29:48 Imperial Age
28:39 Hand Cart
28:09 Town Watch
|MP| patrick
10:27 Feudal Age
11:46 Double-Bit Axe
14:07 Castle Age
12:19 Horse Collar
14:44 Double-Bit Axe
18:25 Loom
Connection lost

Rejoining the realm…

Still unreachable

The connection could not be restored.

Session expired

The server has moved on; the page needs a fresh start.